 Dungeon Crawl Stone Soup version 0.30-a0-928-g7f6bbad527 (webtiles) character file.

Game seed: 5579286146046374381

21204 Abuh the Severer (level 12, -4/106 HPs)
             Began as a Minotaur Fighter on Mar 23, 2023.
             Was the Champion of Okawaru.
             Slain by a black mamba (12 damage)
             ... on level 2 of the Lair of Beasts.
             The game lasted 00:43:06 (13067 turns).

Abuh the Severer (Minotaur Fighter)                Turns: 13067, Time: 00:43:06

Health: -4/106     AC: 25    Str: 27    XL:     12   Next: 52%
Magic:  11/11      EV:  7    Int:  5    God:    Okawaru [******]
Gold:   770        SH:  6    Dex:  9    Spells: 11/11 levels left

rFire   + . .      SeeInvis +    a - +0 war axe (drain)
rCold   . . .      Faith    .    c - +0 buckler
rNeg    . . .      Spirit   .    N - +0 plate armour
rPois   .          Reflect  .    F - +2 hat {Stlth+}
rElec   .          Rampage  .    M - +0 cloak {Will+}
rCorr   .                        p - +2 pair of gloves
Will    +....                    S - +2 pair of boots Stlth
                                 (no amulet)
HPRegen 0.37/turn                n - ring of see invisible
MPRegen 0.12/turn                g - ring of protection from fire

@: lethally poisoned (-4 -> -41)
A: horns 2, retaliatory headbutt
a: Renounce Religion, Heroism, Finesse, Duel


You were on level 2 of the Lair of Beasts.
You worshipped Okawaru.
Okawaru was exalted by your worship.
You visited 3 branches of the dungeon, and saw 14 of its levels.

You collected 770 gold pieces.

Inventory:

Hand Weapons
 a - a +0 war axe of draining (weapon)
 w - a +0 spear
Missiles
 h - 86 stones (quivered)
 m - 8 boomerangs
 y - 2 throwing nets
 D - 35 poisoned darts
 E - 2 curare-tipped darts
Armour
 c - a +0 buckler (worn)
 p - a +2 pair of gloves (worn)
 F - a +2 hat of stealth (worn)
 M - a +0 cloak of willpower (worn)
 N - a +0 plate armour (worn)
 S - a +2 pair of boots (worn)
Magical Staves
 d - a staff of poison
Jewellery
 f - a ring of magical power
 g - a ring of protection from fire (right hand)
 j - an amulet of magic regeneration
 n - a ring of see invisible (left hand)
Wands
 e - a wand of iceblast (16)
 u - a wand of light (9)
 B - a wand of polymorph (6)
 C - a wand of flame (27)
 H - a wand of charming (11)
 K - a wand of mindburst (5)
Scrolls
 b - 5 scrolls of teleportation
 l - 4 scrolls of identify
 r - 3 scrolls of fog
 G - a scroll of enchant armour
 J - a scroll of amnesia
 L - a scroll of blinking
 R - a scroll of enchant weapon {unknown}
Potions
 i - 2 potions of flight
 k - 4 potions of curing
 o - 2 potions of degeneration
 q - a potion of magic
 s - 2 potions of lignification
 t - 2 potions of cancellation
 v - a potion of might
 x - a potion of attraction
 z - 2 potions of haste
 A - a potion of brilliance
 I - a potion of heal wounds
 O - a potion of resistance
 Q - 2 potions of mutation
Miscellaneous
 P - a condenser vane


   Skills:
 - Level 10.0 Fighting
 - Level 18.0 Axes
 + Level 11.1 Armour
 + Level 11.1 Shields


You had 11 spell levels left.
You didn't know any spells.
Your spell library contained the following spells:

 Spells                   Type           Power      Damage    Failure   Level
 Apportation              Tloc           0%         N/A       99%         1
 Necrotise                Necr           0%         1d4       99%         1
 Ensorcelled Hibernation  Hex/Ice        0%         N/A       100%        2
 Lesser Beckoning         Tloc           0%         N/A       100%        2
 Passwall                 Tmut/Erth      0%         N/A       100%        2
 Sublimation of Blood     Necr           0%         N/A       100%        2
 Wereblood                Tmut           0%         N/A       100%        2
 Gell's Gravitas          Tloc           0%         N/A       100%        3
 Ignite Poison            Fire/Tmut/Pois 0%         N/A       100%        3
 Kindle Blastsparks       Fire/Tloc/Air  0%         2d10      100%        3
 Swiftness                Air            0%         N/A       100%        3
 Teleport Other           Tloc           0%         N/A       100%        3
 Freezing Cloud           Conj/Ice/Air   0%         6-21      100%        5
 Dispersal                Tloc           0%         N/A       100%        6
 Summon Small Mammal      Summ           Unusable   N/A       N/A         1
 Summon Hydra             Summ           Unusable   N/A       N/A         7

Dungeon Overview and Level Annotations

Branches:
Dungeon (11/15)            Temple (1/1) D:5            Lair (2/5) D:11
    Orc (0/2) D:11
  Swamp: Lair:2-3    Shoals: Lair:2-3     Snake: Lair:2-3    Spider: Lair:2-3

Altars:
Ashenzari
Cheibriados
Dithmenos
Elyvilon
Fedhas
Gozag
Hepliaklqana
Kikubaaqudgha
Makhleb
Nemelex Xobeh
Okawaru
Qazlal
Ru
Sif Muna
Trog
Uskayaw
Vehumet
Wu Jian
Xom
Yredelemnul
Zin
The Shining One

Shops:
D:6 *

Portals:
Trove: D:11 (give +2 storm dragon scales)

Annotations:
D:11 exclusion: ice statue


Innate Abilities, Weirdness & Mutations

You have a pair of horns on your head.
You reflexively headbutt those who attack you in melee.


Message History

You hit the blink frog. You drain the blink frog.
Your headbutt misses the blink frog.
The blink frog is almost dead.
You closely miss the black mamba. You completely miss the blink frog.
You feel very sick. You block the black mamba's attack.
The blink frog hits you but does no damage. x2
You slash the blink frog!
You kill the blink frog!
Okawaru accepts your kill.
You hit the blink frog. You closely miss the black mamba.
You feel very sick. The black mamba bites you.
* * * LOW HITPOINT WARNING * * *
You are more poisoned.
The black mamba poisons you!
The blink frog blinks!
The black mamba bites you but does no damage.
The blink frog blinks!
You slash the black mamba!
The black mamba is heavily wounded.
You feel very sick. The black mamba bites you.
* * * LOW HITPOINT WARNING * * *
You are lethally poisoned!
The black mamba poisons you!
You barely miss the black mamba.
The black mamba is heavily wounded.
* * * LOW HITPOINT WARNING * * *
You feel extremely sick. You block the black mamba's attack.
You closely miss the black mamba. Your headbutt misses the black mamba.
The black mamba is heavily wounded.
You miss the blink frog.
* * * LOW HITPOINT WARNING * * *
You feel extremely sick.
The black mamba bites you but does no damage.
The blink frog hits you!
* * * LOW HITPOINT WARNING * * *
The blink frog blinks!
The black mamba bites you!
You die...

....#P
#.....#
#.....
#..#..####
#...<#.#
#.#....##
##.§..##
#.F†..###
##@†....#
#YS...F#
#Y.#....#
.Y#.#....#
#...####.##
..... .#
...#.. ..
...#.F ⌠.


You could see 3 elephants, a black mamba and 2 blink frogs.

Vanquished Creatures
  Gastronok (Lair:1)
  A boulder beetle (Lair:1)
  4 two-headed ogres
  A wizard (D:9)
  2 ugly things (D:11)
  A cyclops (D:11)
  A manticore (D:11)
  4 elephants (D:9)
  Maggie (D:10)
  A cane toad (Lair:1)
  A kobold demonologist (D:10)
  A komodo dragon (Lair:1)
  A troll (D:9)
  Prince Ribbit (D:5)
  2 hornets
  A blink frog (Lair:2)
  A wraith (D:9)
  27 yaks
  2 wyverns
  3 vampire mosquitoes (D:11)
  4 basilisks
  A steam dragon (D:9)
  Edmund (D:5)
  6 water moccasins
  2 ice beasts
  Duvessa (D:4)
  9 orc warriors
  A sky beast (D:8)
  5 black bears
  A wolf (Lair:2)
  3 centaurs (D:9)
  An ogre (D:4)
  A phantom (D:4)
  4 kobold brigands
  A gnoll sergeant (D:5)
  9 bullfrogs
  6 scorpions
  13 wights
  Dowan (D:4)
  5 killer bees (D:9)
  3 howler monkeys
  An electric eel (D:9)
  3 hounds
  A jelly (D:7)
  3 gnoll boudas
  An orc priest (D:11)
  2 sleepcaps
  7 iguanas
  13 orc wizards
  19 gnolls
  10 adders
  2 shadow imps
  2 white imps (D:6)
  3 worms
  A dart slug (D:4)
  40 orcs
  10 ball pythons
  5 endoplasms
  5 giant cockroaches
  9 goblins
  5 hobgoblins
  8 jackals (D:1)
  4 quokkas
  6 bats
  5 frilled lizards
  35 kobolds
  7 rats
  A butterfly (D:5)
343 creatures vanquished.

Vanquished Creatures (others)
  A yak (D:9)
  11 fungi
  108 plants
120 creatures vanquished.

Grand Total: 463 creatures vanquished

Notes
Turn   | Place    | Note
-------+----------+-------------------------------------------
     0 | D:1      | Abuh the Minotaur Fighter began the quest for the Orb.
     0 | D:1      | Reached XP level 1. HP: 19/19 MP: 0/0
   190 | D:1      | You fall into a shaft and drop 1 floor!
   233 | D:2      | Reached skill level 3 in Axes
   233 | D:2      | Reached XP level 2. HP: 27/27 MP: 1/1
   261 | D:2      | Reached XP level 3. HP: 30/33 MP: 2/2
   503 | D:1      | Reached skill level 4 in Axes
  1057 | D:2      | Found a faded altar of an unknown god.
  1093 | D:2      | Reached XP level 4. HP: 33/41 MP: 3/3
  1621 | D:2      | Identified a scroll of acquirement
  1621 | D:2      | Acquired a ring of magical power
  1691 | D:3      | Found a stormy altar of Qazlal.
  1795 | D:3      | Reached skill level 5 in Axes
  1915 | D:3      | Identified the +1 robe of the Desolation of Salt {Str+3}
  2283 | D:3      | Found a sacrificial altar of Ru.
  2625 | D:4      | Noticed Duvessa
  2628 | D:4      | Noticed Dowan
  2639 | D:4      | Reached skill level 5 in Fighting
  2639 | D:4      | Reached XP level 5. HP: 34/48 MP: 4/4
  2644 | D:4      | Killed Duvessa
  2645 | D:4      | Reached skill level 6 in Axes
  2645 | D:4      | Reached XP level 6. HP: 17/56 MP: 5/5
  2660 | D:4      | Killed Dowan
  2802 | D:4      | Reached skill level 7 in Axes
  2998 | D:4      | Reached XP level 7. HP: 63/63 MP: 6/6
  3215 | D:4      | Reached skill level 8 in Axes
  3566 | D:5      | Entered Level 5 of the Dungeon
  3654 | D:5      | Reached skill level 9 in Axes
  3752 | D:5      | Noticed Edmund
  3754 | D:5      | Reached XP level 8. HP: 68/73 MP: 7/7
  3773 | D:5      | Killed Edmund
  3888 | D:5      | Found a large runed translucent door.
  3892 | D:5      | Found a large runed translucent door.
  3911 | D:5      | Reached skill level 10 in Axes
  4006 | D:5      | Noticed Prince Ribbit
  4045 | D:5      | Killed Prince Ribbit
  4209 | D:5      | Found a staircase to the Ecumenical Temple.
  4219 | Temple   | Entered the Ecumenical Temple
  4287 | Temple   | Became a worshipper of Warmaster Okawaru
  4382 | D:5      | Found a snail-covered altar of Cheibriados.
  4387 | D:5      | Found a shimmering altar of Xom.
  4650 | D:6      | Reached skill level 11 in Axes
  5150 | D:6      | Found Cint's Serpentskin Sales.
  5157 | D:6      | Reached XP level 9. HP: 74/82 MP: 8/8
  5498 | D:7      | Reached skill level 12 in Axes
  5504 | D:7      | Reached * piety under Okawaru
  5838 | D:7      | Found an opulent altar of Gozag.
  6425 | D:8      | Reached skill level 13 in Axes
  6432 | D:8      | Reached skill level 10 in Fighting
  6633 | D:8      | Paralysed by a hornet for 1 turns
  6634 | D:8      | Reached ** piety under Okawaru
  6888 | D:8      | Reached skill level 14 in Axes
  7443 | D:8      | Reached XP level 10. HP: 83/93 MP: 9/9
  7864 | D:9      | Reached *** piety under Okawaru
  7865 | D:9      | Reached skill level 15 in Axes
  7990 | D:9      | Found a radiant altar of Vehumet.
  8003 | D:9      | Found a sparkling altar of Nemelex Xobeh.
  8009 | D:9      | Noticed an elephant
  8011 | D:9      | Noticed a two-headed ogre
  8021 | D:9      | Killed an elephant
  8029 | D:9      | HP: 4/93 [two-headed ogre/+0 giant club (17)]
  8030 | D:9      | Killed a two-headed ogre
  8030 | D:9      | Reached **** piety under Okawaru
  8031 | D:9      | Reached skill level 16 in Axes
  8044 | D:9      | Noticed an elephant
  8181 | D:9      | Killed an elephant
  8366 | D:9      | Received a gift from Okawaru
  8387 | D:9      | Found a flagged portal.
  8421 | D:9      | Reached skill level 17 in Axes
  8581 | D:9      | Noticed a wizard
  8584 | D:9      | Noticed an elephant
  8593 | D:9      | Killed an elephant
  8979 | D:9      | Found a hazy altar of Hepliaklqana.
  8979 | D:9      | Noticed an elephant
  8988 | D:9      | Killed an elephant
  8989 | D:9      | Reached XP level 11. HP: 99/99 MP: 10/10
  9039 | D:9      | Found a hazy altar of Hepliaklqana.
  9058 | D:9      | Found a white marble altar of Elyvilon.
  9183 | D:9      | Killed a wizard
  9183 | D:9      | Reached ***** piety under Okawaru
  9184 | D:9      | Reached skill level 18 in Axes
  9298 | D:9      | Found a bloodstained altar of Trog.
  9415 | D:9      | Noticed a two-headed ogre
  9429 | D:9      | Killed a two-headed ogre
  9430 | D:9      | Reached skill level 5 in Armour
  9430 | D:9      | Reached skill level 5 in Shields
 10068 | D:10     | Entered Level 10 of the Dungeon
 10154 | D:10     | Noticed Maggie
 10175 | D:10     | Killed Maggie
 10562 | D:10     | Noticed a two-headed ogre
 10577 | D:10     | Killed a two-headed ogre
 10898 | D:11     | Noticed a cyan ugly thing
 10909 | D:11     | Killed a cyan ugly thing
 11163 | D:11     | Found a portal to a secret trove of treasure.
 11178 | D:11     | Reached ****** piety under Okawaru
 11178 | D:11     | Noticed a purple ugly thing
 11191 | D:11     | Killed a purple ugly thing
 11410 | D:11     | Identified the +2 robe of Novuta Ifyis {Str-2 Int+4 Stlth+}
                  | (Okawaru gifted it to you on level 11 of the Dungeon)
 11410 | D:11     | Received a gift from Okawaru
 11424 | D:11     | Reached XP level 12. HP: 62/106 MP: 11/11
 11693 | D:11     | Found a staircase to the Orcish Mines.
 11742 | D:11     | Found a staircase to the Lair.
 12062 | D:11     | Noticed a two-headed ogre
 12068 | D:11     | Killed a two-headed ogre
 12134 | Lair:1   | Entered Level 1 of the Lair of Beasts
 12241 | Lair:1   | Reached skill level 10 in Armour
 12243 | Lair:1   | Reached skill level 10 in Shields
 12370 | Lair:1   | Noticed a boulder beetle
 12387 | Lair:1   | Killed a boulder beetle
 12683 | Lair:1   | Noticed Gastronok
 12712 | Lair:1   | Killed Gastronok
 13067 | Lair:2   | Slain by a black mamba

Illustrated notes

Levels and vault maps discovered:
D:1:      erik_arrival_blinker_ship, layout_loops_corners
D:2:      layout_rooms, basic_ecumenical_altar, minmay_shallow_snake_nest
D:3:      layout_basic, grunt_qazlal_clouds, marbit_many_paths
D:4:      wad_pebble_path, layout_basic, uniq_duvessa
D:5:      layout_gridville, jmf_multi_god_temple2,
          minmay_temple_entry_butterflies, uniq_prince_ribbit1, uniq_edmund
D:6:      layout_basic, dreamdust_mushroom_princess, guppyfry_shop_venom
D:7:      layout_loops_ring, lemuel_doored_altar, nicolae_titane
D:8:      layout_basic, serial_bayou_pond_a, serial_bayou_crossing
D:9:      wad_woods_stonehenge, layout_basic, trog_butcher_becter,
          nicolae_overflow_quartered_altars, enter_bailey_3, st_stairs_5,
          kennysheep_island_fort
D:10:     layout_rooms, uniq_maggie
D:11:     cheibrodos_frozen_isle, layout_long_grid, minmay_lair_entry_grove,
          david_orc_4, nicolae_trove_entry_isolated
Temple:   nicolae_temple_x_marks_the_god
Lair:1:   layout_regular_city, lemuel_fruit_fields, uniq_gastronok
Lair:2:   layout_concentric_octagons, nicolae_swamp_entry_spooky,
          grunt_megastairs_2, infiniplex_staircase_pool

Skill      XL: |  1  2  3  4  5  6  7  8  9 10 11 12 |
---------------+-------------------------------------+-----
Axes           | 3 4 5 6 7 9 11 14 17 18 | 18.0
Fighting       | 4 5 6 7 8 10 | 10.0
Shields        | 9 11 | 11.1
Armour         | 9 11 | 11.1

Action                     |  1- 3 |  4- 6 |  7- 9 | 10-12 || total
---------------------------+-------+-------+-------+-------++-------
  Melee: War axe           |    79 |   100 |   312 |   434 ||   925
         Headbutt          |     6 |    14 |    45 |    98 ||   163
    Use: Scroll            |       |    13 |     3 |     6 ||    22
         Potion            |       |     2 |       |     2 ||     4
 Armour: Scale mail        |    43 |    23 |   116 |    78 ||   260
         Plate armour      |       |       |       |   115 ||   115
  Dodge: Dodged            |    37 |    38 |   111 |   143 ||   329
  Block: Buckler           |    17 |    17 |    57 |    91 ||   182

Table legend: (Time is in decaauts)
 A = Elapsed time spent in this place.
 B = Non-inter-level travel time spent in this place.
 C = Inter-level travel time spent in this place.
 D = Time resting spent in this place.
 E = Time spent auto-exploring this place.
 F = Levels seen in this place.
 G = Mean time per level.
                   A        B        C        D        E       F      G
               +--------+--------+--------+--------+--------+-----+--------+
         Total |  13022 |  12729 |    293 |   2942 |   7138 |  14 |  930.1 |
       Dungeon |  12036 |  11781 |    255 |   2871 |   6471 |  11 | 1094.2 |
        Temple |     75 |     66 |      9 |      0 |     44 |   1 |   75.0 |
          Lair |    909 |    880 |     29 |     71 |    623 |   2 |  454.5 |
               +--------+--------+--------+--------+--------+-----+--------+

Top non-repeatable levels by time:
     D:9: 2323 daAuts
     D:8: 1304 daAuts
    D:11: 1291 daAuts
     D:4: 1096 daAuts
     D:6: 1014 daAuts
     D:7: 968 daAuts
     D:1: 894 daAuts
  Lair:1: 891 daAuts
     D:3: 862 daAuts
     D:5: 784 daAuts
     D:2: 770 daAuts
    D:10: 727 daAuts
  Temple: 75 daAuts
  Lair:2: 18 daAuts
